 Dungeon Crawl Stone Soup version 0.30.0-30-g96aa6591b8 (webtiles) character file.

Game seed: 8570419692675445562

8874 McKennaii the Destroyer (level 10, -1/69 HPs)
             Began as a Demigod Conjurer on June 30, 2023.
             Slain by a yak (10 damage)
             ... on level 10 of the Dungeon.
             The game lasted 00:12:48 (12091 turns).

McKennaii the Destroyer (Demigod Conjurer)         Turns: 12091, Time: 00:12:48

Health: -1/69      AC:  7    Str:  8    XL:     10   Next: 94%
Magic:  22/29      EV: 12    Int: 32    God:
Gold:   612        SH:  0    Dex: 12    Spells: 15/30 levels left

rFire   + . .        D - +3 dagger (venom)
rCold   . . .        (no shield)
rNeg    . . .        G - +0 steam dragon scales
rPois   .            (no helmet)
rElec   .            l - +0 cloak
rCorr   +            z - +0 pair of gloves
SInv    .            (no boots)
Will    +....        (no amulet)
Stlth   ++           j - ring of protection from fire
HPRegen 0.31/turn    F - ring of resist corrosion
MPRegen 0.21/turn

%: no passive effects
@: no status effects
A: high MP 1, forlorn, divine attributes
a: no special abilities


You were on level 10 of the Dungeon.
You visited 1 branch of the dungeon, and saw 10 of its levels.

You collected 612 gold pieces.

Inventory:

Hand Weapons
 D - a +3 dagger of venom (weapon)
Armour
 l - a +0 cloak (worn)
 z - a +0 pair of gloves (worn)
 G - +0 steam dragon scales (worn)
Jewellery
 j - a ring of protection from fire (left hand)
 p - a ring of protection from fire
 q - a ring of see invisible
 F - a ring of resist corrosion (right hand)
 H - a +6 ring of strength
Wands
 a - a wand of mindburst (6)
 t - a wand of roots (15)
 w - a wand of quicksilver (1)
 A - a wand of flame (18)
Scrolls
 c - 2 scrolls of fog
 e - 3 scrolls of vulnerability
 h - 2 scrolls of amnesia
 k - 2 scrolls of silence
 m - 2 scrolls of enchant armour
 n - a scroll of fear {unknown}
 u - 4 scrolls of teleportation
 x - a scroll of immolation {unknown}
 y - 2 scrolls of blinking {unknown}
 E - a scroll of torment {unknown}
 I - a scroll of enchant weapon {unknown}
Potions
 b - 5 potions of magic
 d - 2 potions of might
 f - 6 potions of curing
 g - 3 potions of lignification
 i - 2 potions of ambrosia {unknown}
 o - 3 potions of brilliance {unknown}
 r - 4 potions of mutation {unknown}
 s - a potion of flight {unknown}
 v - a potion of berserk rage {unknown}
 B - 3 potions of heal wounds
 C - a potion of attraction {unknown}


   Skills:
 - Level 1.7 Dodging
 - Level 1.7 Stealth
 + Level 10.6 Spellcasting
 + Level 11.9 Conjurations


You had 15 spell levels left.
You knew the following spells:

 Your Spells              Type           Power      Damage    Failure   Level
a - Magic Dart            Conj           100%       1d8       1%          1
b - Searing Ray           Conj           100%       2d8       1%          2
c - Iskenderun's Mystic   Conj/Tloc      53%        2d11      2%          4
d - Stone Arrow           Conj/Erth      100%       3d13      1%          3
f - Freezing Cloud        Conj/Ice/Air   21%        6-21      16%         5

Your spell library contained the following spells:

 Spells                   Type           Power      Damage    Failure   Level
 Dazzling Flash           Conj/Hex       100%       N/A       1%          3
 Mephitic Cloud           Conj/Pois/Air  42%        N/A       1%          3
 Fulminant Prism          Conj/Hex       26%        3d13      2%          4
 Poisonous Vapours        Pois/Air       32%        N/A       4%          2
 Frozen Ramparts          Ice            32%        1d5       9%          3
 Animate Armour           Summ/Erth      32%        N/A       28%         4
 Ice Form                 Ice/Tmut       16%        N/A       28%         4
 Passage of Golubria      Tloc           16%        N/A       28%         4
 Petrify                  Tmut/Erth      16%        N/A       28%         4
 Summon Ice Beast         Ice/Summ       16%        N/A       28%         4
 Agony                    Necr           16%        N/A       63%         5
 Metabolic Englaciation   Hex/Ice        8%         N/A       63%         5
 Silence                  Hex/Air        8%         N/A       63%         5
 Statue Form              Tmut/Erth      10%        N/A       99%         6
 Lehudib's Crystal Spear  Conj/Erth      26%        10d7      100%        8


Dungeon Overview and Level Annotations

Branches:
Dungeon (10/15)            Temple (0/1) D:4
   Lair: D:8-11         Orc: D:9-12

Shops:
D:8 *


Innate Abilities, Weirdness & Mutations

You have an increased reservoir of magic. (+10% MP)
You shall have no god before yourself.
Your divine heritage dramatically boosts your attributes as you level up.


Message History

The yak is lightly wounded.
You finish channelling your searing ray.
The yak closely misses you.
Casting: Searing Ray (safe; 1% risk of failure)
Confirm with . or Enter, or press ? or * to list all spells.
Aiming: Searing Ray (safe; 1% risk of failure)
Press: ? - help, Shift-Dir - straight line, f - yak
Aim: a yak (almost dead, 90% to hit)
The searing ray hits the yak!
You kill the yak!
The searing ray hits the yak!
You kill the yak!
The searing ray hits the yak!
The yak is moderately wounded. (Press . to maintain the ray.)
The searing ray hits the yak.
The yak is moderately wounded.
The searing ray hits the yak!
The yak is severely wounded.
The yak gores you but does no damage.
Without enough magic to sustain it, your searing ray dissipates.
The yak gores you! x2
* * * LOW HITPOINT WARNING * * *
Unknown command.
Okay, then.
Magic courses through your body. The yak gores you.
* * * LOW HITPOINT WARNING * * *
The yak gores you.
* * * LOW HITPOINT WARNING * * *
Unknown command.
Unknown command.
Casting: Searing Ray (safe; 1% risk of failure)
Confirm with . or Enter, or press ? or * to list all spells.
You erupt in a blast of force!
The mystic blast hits the yak!
The yak is moderately wounded.
The mystic blast hits the yak!
The yak is almost dead.
The yak is knocked back by the mystic blast.
The yak gores you!
You die...

#.#### #....# #
###....# ##
##...)..# .####
#.......# ##...#+#
##...Y###
#####..#### ##.#.#
..........###..#†#
.[.............#@#
..........####.Y.#
.......>..# ###.#
..........# ###
..........#
###########


You could see 2 yaks.

Vanquished Creatures
  2 two-headed ogres
  Maggie (D:9)
  4 trolls
  Grinder (D:6)
  A vampire (D:9)
  10 yaks
  Grum (D:9)
  2 wyverns
  A steam dragon (D:9)
  An acid dragon (D:8)
  3 water moccasins
  2 orc warriors
  An ice beast (D:8)
  3 black bears
  An ogre (D:5)
  3 sky beasts
  2 wolves
  5 centaurs
  2 phantoms
  Blork the orc (D:6)
  A kobold brigand (D:9)
  4 bullfrogs
  2 gnoll sergeants
  2 scorpions (D:5)
  7 wights
  7 killer bees
  An electric eel (D:6)
  2 howler monkeys
  A gnoll bouda (D:6)
  6 orc priests
  2 hounds
  An iguana (D:4)
  Terence (D:3)
  4 orc wizards
  A sleepcap (D:6)
  14 gnolls
  7 adders
  2 shadow imps
  3 white imps
  A worm (D:4)
  3 dart slugs
  32 orcs
  9 ball pythons
  9 bats
  4 endoplasms
  9 giant cockroaches
  8 hobgoblins
  2 jackals (D:4)
  2 quokkas (D:2)
  4 frilled lizards
  9 goblins
  12 kobolds
  A rat (D:1)
220 creatures vanquished.

Notes
Turn   | Place    | Note
-------+----------+-------------------------------------------
     0 | D:1      | McKennaii the Demigod Conjurer began the quest for the Orb.
     0 | D:1      | Reached XP level 1. HP: 14/14 MP: 5/5
   323 | D:1      | Reached XP level 2. HP: 18/20 MP: 3/7
   575 | D:1      | Reached skill level 4 in Conjurations
  1255 | D:2      | Reached XP level 3. HP: 25/26 MP: 1/9
  1258 | D:2      | Learned a level 2 spell: Searing Ray
  1768 | D:2      | Reached XP level 4. HP: 33/33 MP: 0/11
  2485 | D:3      | Learned a level 4 spell: Iskenderun's Mystic Blast
  2712 | D:3      | Noticed Terence
  2838 | D:4      | Noticed a phantom
  2847 | D:4      | Killed a phantom
  2848 | D:4      | Reached skill level 5 in Conjurations
  2848 | D:4      | Reached XP level 5. HP: 38/38 MP: 0/13
  2991 | D:4      | Noticed a black bear
  2996 | D:4      | Killed a black bear
  3248 | D:4      | Reached XP level 6. HP: 45/45 MP: 8/15
  3630 | D:4      | Learned a level 3 spell: Stone Arrow
  3709 | D:4      | Found a staircase to the Ecumenical Temple.
  3873 | D:5      | Entered Level 5 of the Dungeon
  4071 | D:3      | Killed Terence
  4426 | D:5      | Reached skill level 6 in Conjurations
  4600 | D:5      | Reached skill level 5 in Spellcasting
  4600 | D:5      | Reached XP level 7. HP: 50/50 MP: 13/17
  4900 | D:5      | Reached skill level 7 in Conjurations
  5748 | D:6      | Learned a level 5 spell: Freezing Cloud
  5802 | D:6      | Reached XP level 8. HP: 54/57 MP: 7/20
  6018 | D:6      | Noticed Blork the orc
  6021 | D:6      | Noticed Grinder
  6022 | D:6      | Paralysed by Grinder for 4 turns
  6049 | D:6      | Killed Grinder
  6302 | D:6      | Reached skill level 8 in Conjurations
  7207 | D:6      | Killed Blork the orc
  7755 | D:7      | Reached XP level 9. HP: 50/62 MP: 0/24
  7901 | D:7      | Reached skill level 9 in Conjurations
  9617 | D:8      | Reached skill level 10 in Conjurations
  9665 | D:8      | Found Sucsyjef's General Store.
  9739 | D:9      | Noticed Maggie
 10076 | D:9      | Killed Maggie
 10520 | D:9      | Reached XP level 10. HP: 52/69 MP: 9/27
 10795 | D:9      | Noticed a two-headed ogre
 10968 | D:9      | Reached skill level 11 in Conjurations
 11401 | D:9      | Reached skill level 10 in Spellcasting
 11433 | D:9      | Killed a two-headed ogre
 11650 | D:9      | Noticed Grum
 11655 | D:9      | Killed Grum
 11941 | D:10     | Entered Level 10 of the Dungeon
 12057 | D:10     | Noticed a two-headed ogre
 12067 | D:10     | Killed a two-headed ogre
 12091 | D:10     | Slain by a yak

Illustrated notes

Levels and vault maps discovered:
D:1:      minmay_arrival_semitransparent, layout_basic
D:2:      layout_basic, nrook_loot_triangle, kennysheep_generic_room_16
D:3:      layout_loops_corners, kennysheep_okawaru_gauntlet,
          hangedman_decor_clover_reticule, uniq_terence
D:4:      minmay_bubble_buster, layout_cave_pools, bloody_makhleb, temple_pool_b
D:5:      layout_basic, supply_closet_lemuel
D:6:      layout_loops_ring, dreamdust_divine_triumvirate, tgw_sif,
          grunt_decor_junction, kennysheep_generic_room_5, uniq_grinder
D:7:      layout_basic, minmay_misc_feat_rugged, minivault_19
D:8:      layout_basic, serial_shops, nicolae_stop_n_shop_2
D:9:      layout_loops_ring, cheibriados_altar_1,
          mainiacjoe_overflow_large_starburst, minmay_between, uniq_maggie,
          uniq_grum
D:10:     layout_rooms, chequers_temple_overflow_minitemple

Skill      XL: |  1  2  3  4  5  6  7  8  9 10 |
---------------+-------------------------------+-----
Spellcasting   | 2 3 4 5 6 7 9 10 | 10.6
Conjurations   | 4 5 6 7 8 10 11 | 11.9
Dodging        | |  1.7
Stealth        | |  1.7

Action                     |  1- 3 |  4- 6 |  7- 9 | 10-12 || total
---------------------------+-------+-------+-------+-------++-------
  Melee: Unarmed           |    23 |       |       |       ||    23
         Dagger            |       |    14 |     4 |     7 ||    25
   Cast: Magic Dart        |    72 |    39 |       |       ||   111
         Searing Ray       |     1 |    23 |     7 |     7 ||    38
         Stone Arrow       |       |     6 |   141 |    42 ||   189
         Iskenderun's Myst |       |     4 |    14 |     8 ||    26
         Freezing Cloud    |       |       |     2 |       ||     2
  Evoke: Wand              |       |     7 |       |       ||     7
    Use: Scroll            |       |     8 |     4 |       ||    12
         Potion            |       |       |       |     1 ||     1
 Armour: Robe              |    14 |     9 |    15 |       ||    38
         Steam dragon scal |       |       |       |    14 ||    14
  Dodge: Dodged            |    30 |    40 |    37 |    21 ||   128
